 Dungeon Crawl Stone Soup version 0.24.1-8-ga250c9d538 (webtiles) character file.

Game seed: 7548154698728451173, levelgen mode: deterministic

51 Peloso the Skirmisher (level 3, 0/29 HPs)
             Began as a Demonspawn Fighter on May 1, 2020.
             Slain by an ooze (1 damage)
             ... on level 2 of the Dungeon.
             The game lasted 00:02:46 (1507 turns).

Peloso the Skirmisher (Demonspawn Fighter)          Turns: 1507, Time: 00:02:46

Health: 0/29       AC:  7    Str: 17    XL:     3   Next: 58%
Magic:  3/3        EV:  7    Int:  9    God:
Gold:   99         SH:  9    Dex: 12    Spells: 2/2 levels left

rFire    + . .     SeeInvis .   a - +0 long sword
rCold    . . .     Gourm    .   c - +0 shield
rNeg     . . .     Faith    .   b - +0 scale mail
rPois    .         Spirit   .   g - +0 helmet
rElec    .         Reflect  .   (no cloak)
rCorr    .         Harm     .   (no gloves)
MR       .....                  (no boots)
Stlth    +.........             (no amulet)
HPRegen  0.09/turn              l - ring of stealth
MPRegen  0.08/turn              (no ring)

@: lethally poisoned (0 -> -1)
A: claws 1, fire resistance 1
a: no special abilities


You were on level 2 of the Dungeon.
You were not hungry.

You visited 1 branch of the dungeon, and saw 2 of its levels.

You collected 99 gold pieces.

Inventory:

Hand Weapons
 a - a +0 long sword (weapon)
Armour
 b - a +0 scale mail (worn)
 c - a +0 shield (worn)
 g - a +0 helmet (worn)
Jewellery
 l - a ring of stealth (left claw)
Scrolls
 e - 2 scrolls of teleportation {unknown}
 h - 2 scrolls of identify {unknown}
 i - a scroll of blinking {unknown}
 k - a scroll of random uselessness {unknown}
 m - 2 scrolls of immolation {unknown}
 n - a scroll of amnesia {unknown}
 o - a scroll of remove curse {unknown}
Potions
 d - a potion of might
 j - a potion of flight {unknown}
Comestibles
 f - 4 rations


   Skills:
 + Level 3.4 Fighting
 + Level 2.5 Long Blades
 + Level 3.0 Armour
 + Level 0.6 Dodging
 + Level 0.2 Stealth
 + Level 2.9 Shields


You had 2 spell levels left.
You didn't know any spells.
Your spell library was empty.

Dungeon Overview and Level Annotations

Branches:
Dungeon (2/15)

Altars:


Innate Abilities, Weirdness & Mutations

You have sharp fingernails.
Your flesh is heat resistant. (rF+)


Message History

You feel sick. The bat hits you but does no damage.
The frilled lizard barely misses you. The ooze closely misses you.
The frilled lizard bites you.
* * * LOW HITPOINT WARNING * * *
You closely miss the frilled lizard. The ooze hits you.
* * * LOW HITPOINT WARNING * * *
You block the frilled lizard's attack. You block the bat's attack.
You closely miss the frilled lizard. The bat barely misses you.
You riposte.
You miss the bat. You block the ooze's attack.
You block the frilled lizard's attack. The ooze hits you but does no damage.
You hit the frilled lizard.
You kill the frilled lizard!
You feel sick. The bat closely misses you.
You riposte.
You closely miss the bat. The ooze hits you.
* * * LOW HITPOINT WARNING * * *
The bat hits you but does no damage. The ooze hits you.
* * * LOW HITPOINT WARNING * * *
You see here a frilled lizard corpse.
The ooze hits you.
You die...

######## ... ..# #......+
#.. ..# #.####.# ##.. ..#
# .[.....# ... ..###.#
..#..### ####.###......#
###..# .........>.....
#..####.#####..J....#
###)............@b..######
....####.#.....###.......#
...## #########†.#.##.# ##
...# ..................
.########
#######.###.###.#.#
.'......# ##...###...#.. #
.######.#
#######..#.#.#.###.. . .#
.........#.....)#..#.# .#
#########.###.#.###.#.#


You could see an ooze and a bat.

Vanquished Creatures
  An adder (D:2)
  A worm (D:2)
  A dart slug (D:2)
  A leopard gecko (D:2)
  2 bats
  2 giant cockroaches (D:1)
  2 hobgoblins
  A quokka (D:2)
  A ball python (D:2)
  5 frilled lizards
  8 goblins
  4 kobolds (D:2)
  8 rats
37 creatures vanquished.

Notes
Turn   | Place    | Note
-------+----------+-------------------------------------------
     0 | D:1      | Peloso the Demonspawn Fighter began the quest for the Orb.
     0 | D:1      | Reached XP level 1. HP: 18/18 MP: 1/1
   241 | D:1      | Gained mutation: Your flesh is heat resistant. (rF+)
                  | [demonic ancestry]
   241 | D:1      | Reached XP level 2. HP: 21/24 MP: 2/2
   703 | D:2      | HP: 1/24 [bat (1)]
  1113 | D:2      | Gained mutation: You have sharp fingernails. [demonic
                  | ancestry]
  1113 | D:2      | Reached XP level 3. HP: 22/29 MP: 3/3
  1506 | D:2      | HP: 1/29 [ooze (2)]
  1507 | D:2      | Slain by an ooze

Levels and vault maps discovered:
D:1:      scummos_arrival_star, layout_loops_ring, corexii_hall_statues_i,
          serial_bayou_pond_e
D:2:      minmay_chambers_of_twos, layout_basic, first_ration, grunt_decor_cap,
          minmay_indecisive_spiral

Skill      XL: |  1  2  3 |
---------------+----------+-----
Long Blades    | 2 |  2.5
Armour         | 3 |  3.0
Fighting       | |  3.4
Dodging        | |  0.6
Stealth        | |  0.2
Shields        | |  2.9

Action                   || total
-------------------------++-------
Melee: Long sword        ||   170
  Eat: Chunk             ||     2
Armor: Scale mail        ||   133
Dodge: Dodged            ||    71
Block: Shield            ||   137
       Rpst.: Long sword ||    24
